 Dungeon Crawl Stone Soup version 0.25-a0-156-g0c4bda3fdf (webtiles) character file.

Game seed: 8700467558676310622, levelgen mode: deterministic

1094 night the Magician (level 8, -13/60 HPs)
             Began as a Demonspawn Wanderer on Nov 20, 2019.
             Was a Follower of Cheibriados.
             Mangled by an ogre
             ... wielding a +0 giant spiked club
              (29 damage)
             ... on level 6 of the Dungeon.
             The game lasted 00:42:43 (10845 turns).

night the Magician (Demonspawn Wanderer)           Turns: 10845, Time: 00:42:43

Health: -13/60     AC:  7    Str: 18    XL:     8   Next: 10%
Magic:  1/14       EV: 11    Int: 14    God:    Cheibriados [*.....]
Gold:   241        SH:  0    Dex: 18    Spells: 2/16 levels left

rFire    . . .     SeeInvis .     - Unarmed
rCold    + . .     Gourm    .   (no shield)
rNeg     . . .     Faith    .   e - +0 robe
rPois    .         Spirit   .   h - +0 helmet
rElec    .         Reflect  .   (no cloak)
rCorr    +         Harm     .   (no gloves)
MR       +....                  (no boots)
Stlth    ++++......             (no amulet)
HPRegen  0.20/turn              p - ring of wizardry
MPRegen  0.14/turn              s - ring of protection from magic

@: very slightly contaminated, very slow
A: claws 1, yellow scales 3, cold resistance 1, nightstalker 2
a: Bend Time, Renounce Religion


You were on level 6 of the Dungeon.
You worshipped Cheibriados.
Cheibriados was aware of your devotion.
You were very hungry.

You visited 2 branches of the dungeon, and saw 7 of its levels.

You collected 241 gold pieces.

Inventory:

Hand Weapons
 a - a +0 hand crossbow
 i - a +0 whip of pain
Missiles
 c - 136 bolts
 q - 2 poisoned darts (quivered)
 u - 4 boomerangs
Armour
 e - a +0 robe (worn)
 h - a +0 helmet (worn)
Jewellery
 p - a ring of wizardry (left claw)
 s - a ring of protection from magic (right claw)
 x - an uncursed ring of protection from fire {unknown}
Wands
 v - a wand of iceblast (6)
Scrolls
 b - 4 scrolls of remove curse
 j - 4 scrolls of identify
 k - a scroll of blinking
 l - a scroll of teleportation
 m - 2 scrolls of enchant weapon
 n - a scroll of amnesia
 o - a scroll of enchant armour
 r - a scroll of magic mapping
Potions
 d - a potion of degeneration
 g - a potion of magic {unknown}
 t - a potion of flight
Comestibles
 f - 4 rations


   Skills:
 + Level 3.7 Fighting
 - Level 2.8 Crossbows
 - Level 1.0 Throwing
 - Level 1.0 Armour
 + Level 3.4 Unarmed Combat
 * Level 4.6 Spellcasting
 + Level 3.6 Conjurations
 + Level 1.4 Hexes
   Level 1.0 Charms
 - Level 3.0 Summonings
   Level 1.7 Transmutations
 - Level 1.0 Evocations


You had 2 spell levels left.
You knew the following spells:

 Your Spells              Type           Power        Failure   Level  Hunger
a - Magic Dart            Conj           ##..         1%          1    None
b - Call Imp              Summ           ##......     3%          2    ##.....
c - Mephitic Cloud        Conj/Pois/Air  #.......     13%         3    ###....
d - Conjure Flame         Conj/Fire      #.......     11%         3    ###....
e - Ensorcelled Hibernat  Hex/Ice        #.....       9%          2    ##.....
f - Tukima's Dance        Hex            #.......     12%         3    ###....

Your spell library contained the following spells:

 Spells                   Type           Power        Failure   Level  Hunger
 Corona                   Hex            #......      4%          1    None
 Slow                     Hex            #.......     6%          2    ##.....
 Blink                    Tloc           N/A          12%         2    ##.....
 Dazzling Spray           Conj/Hex       ##....       8%          3    ###....
 Confuse                  Hex            #.......     12%         3    ###....


Dungeon Overview and Level Annotations

Branches:
Dungeon (6/15)             Temple (1/1) D:5

Altars:
Ashenzari
Cheibriados
Dithmenos
Elyvilon
Fedhas
Gozag
Hepliaklqana
Kikubaaqudgha
Makhleb
Nemelex Xobeh
Qazlal
Ru
Sif Muna
Trog
Uskayaw
Vehumet
Wu Jian
Xom
Yredelemnul
Zin
The Shining One


Innate Abilities, Weirdness & Mutations

You have sharp fingernails.
You are completely covered in yellow scales. (AC +4, rCorr)
Your flesh is cold resistant. (rC+)
You are significantly more attuned to the shadows.


Message History

The ogre is moderately wounded.
The ogre closely misses you.
You barely miss the ogre. You claw the ogre.
The ogre is moderately wounded.
You claw the ogre! You claw the ogre, but do no damage.
The ogre is severely wounded.
The ogre hits you with a +0 giant spiked club!!
* * * LOW HITPOINT WARNING * * *
Okay, then.
Evoke which item? (* to show all) (? for menu, Esc to quit)
Okay, then.
You scratch the ogre.
The ogre is severely wounded.
The ogre closely misses you.
You barely miss the ogre.
The ogre is severely wounded.
You scratch the ogre.
The ogre is severely wounded.
The ogre hits you with a +0 giant spiked club!!
You die...

.............'..'............'...
.............####............####
.)...........# #............#
..........#### #............#
......###.# ##############
..###.#.#.# .. ..# #.#...#####
... ..###.#.#.....######....
.>..............@O.'....
..#####.#.#<#.######<... ....#
#.#.#.#.# ... ....# #.#.#)#.# ..
....# #.#.#.#.# # ..).#
#.#...#+#######
...####'####).......# .
...##)..5Y.'........#
...##....###........#


You could see an ogre.

Vanquished Creatures
  Grinder (D:6)
  2 ice beasts
  2 ogres
  Blork the orc (D:5)
  A hound (D:5)
  2 orc priests
  An iguana (D:6)
  A howler monkey zombie (D:5)
  5 gnolls (D:6)
  3 adders
  2 oozes
  An adder skeleton (D:4)
  A worm (D:4)
  2 dart slugs
  5 leopard geckos
  27 orcs
  2 ball pythons
  6 giant cockroaches
  4 goblins
  5 hobgoblins
  9 jackals
  6 kobolds
  12 bats
  6 frilled lizards
  A leopard gecko skeleton (D:4)
  6 rats
114 creatures vanquished.

Vanquished Creatures (collateral kills)
  A sky beast (D:5)
  A gnoll sergeant (D:6)
  4 scorpions
  A crimson imp (D:4)
  An orc priest (D:4)
  Terence (D:1)
  An iguana (D:5)
  3 gnolls (D:5)
  8 adders
  2 worms (D:2)
  A dart slug (D:5)
  A leopard gecko (D:1)
  4 orcs
  A ball python (D:3)
  2 goblins
  2 hobgoblins (D:3)
  A jackal (D:2)
  2 bats
  A frilled lizard (D:2)
  2 kobolds
40 creatures vanquished.

Grand Total: 154 creatures vanquished

Notes
Turn   | Place    | Note
-------+----------+-------------------------------------------
     0 | D:1      | night the Demonspawn Wanderer began the quest for the Orb.
     0 | D:1      | night set off with the following items: a +0 hand crossbow,
                  | 26 bolts, a potion of curing, a +0 robe, a ration; and the
                  | following spell memorised: Magic Dart; and the following
                  | spells available to memorise: Blink, Call Imp, Slow,
                  | Conjure Flame, Mephitic Cloud
     0 | D:1      | Reached XP level 1. HP: 13/13 MP: 3/3
   143 | D:1      | Gained mutation: You have sharp fingernails. [demonic
                  | ancestry]
   143 | D:1      | Reached XP level 2. HP: 15/19 MP: 5/5
   436 | D:1      | HP: 1/20 [goblin/+0 dagger (4)]
   669 | D:1      | Learned a level 2 spell: Call Imp
  1366 | D:2      | Noticed Terence
  1369 | D:2      | Gained mutation: You are partially covered in yellow
                  | scales. (AC +2) [demonic ancestry]
  1369 | D:2      | Reached XP level 3. HP: 25/25 MP: 1/6
  1503 | D:1      | Killed Terence
  1503 | D:1      | Reached skill level 1 in Fighting
  1503 | D:1      | Reached skill level 1 in Unarmed Combat
  2778 | D:2      | Gained mutation: Your flesh is cold resistant. (rC+)
                  | [demonic ancestry]
  2778 | D:2      | Reached XP level 4. HP: 31/32 MP: 1/7
  2848 | D:2      | Reached skill level 1 in Conjurations
  3064 | D:3      | Reached skill level 1 in Summonings
  4099 | D:3      | Gained mutation: You are slightly more attuned to the
                  | shadows. [demonic ancestry]
  4099 | D:3      | Reached XP level 5. HP: 38/38 MP: 3/8
  4759 | D:3      | Learned a level 3 spell: Mephitic Cloud
  6306 | D:4      | Gained mutation: You are mostly covered in yellow scales.
                  | (AC +3) [demonic ancestry]
  6306 | D:4      | Reached XP level 6. HP: 43/44 MP: 5/10
  6388 | D:5      | Entered Level 5 of the Dungeon
  6839 | D:5      | Noticed a sky beast
  6846 | D:5      | Noticed an ice beast
  7144 | D:5      | Noticed Blork the orc
  7160 | D:5      | Killed Blork the orc
  7160 | D:5      | Reached skill level 3 in Spellcasting
  7481 | D:5      | Killed an ice beast
  7789 | D:6      | Noticed a sky beast
  8037 | D:6      | Learned a level 3 spell: Conjure Flame
  8046 | D:6      | Noticed Grinder
  8412 | D:5      | Found a glowing golden altar of the Shining One.
  8425 | D:5      | Found a staircase to the Ecumenical Temple.
  8430 | Temple   | Entered the Ecumenical Temple
  8602 | Temple   | Became a worshipper of Cheibriados the Contemplative
  8606 | Temple   | Learned a level 2 spell: Ensorcelled Hibernation
  8648 | D:5      | Found a sacrificial altar of Ru.
  8795 | D:5      | Gained mutation: You are significantly more attuned to the
                  | shadows. [demonic ancestry]
  8795 | D:5      | Reached XP level 7. HP: 34/52 MP: 1/12
  9687 | D:6      | Reached * piety under Cheibriados
  9710 | D:6      | Reached skill level 4 in Spellcasting
  9749 | D:6      | Learned a level 3 spell: Tukima's Dance
 10403 | D:6      | Reached skill level 1 in Hexes
 10681 | D:6      | Killed Grinder
 10681 | D:6      | Gained mutation: You are completely covered in yellow
                  | scales. (AC +4, rCorr) [demonic ancestry]
 10681 | D:6      | Reached XP level 8. HP: 31/60 MP: 0/14
 10845 | D:6      | Mangled by an ogre

Levels and vault maps discovered:
D:1:      dpeg_arrival_stonehenge_8_columns, layout_basic,
          minmay_misc_feat_cross, hangedman_abyss_or_decor_stabs,
          dk_noncrumbling_3
D:2:      layout_loops_ring, uniq_terence
D:3:      layout_basic, st_stairs_9
D:4:      layout_loops_ring
D:5:      layout_basic, temple_statues, first_ration, basic_altar,
          nicolae_ru_awakened_eye, uniq_blork_the_orc
D:6:      gammafunk_cloud_chamber, layout_basic, minmay_misc_feat_roman,
          uniq_grinder
Temple:   minmay_crystal_snake_temple

Skill      XL: |  1  2  3  4  5  6  7 |
---------------+----------------------+-----
Crossbows      | 2 |  2.8
Fighting       | 1 2 3 |  3.7
Unarmed Combat | 1 2 3 |  3.4
Conjurations   | 1 2 3 |  3.6
Summonings     | 1 2 3 |  3.0
Spellcasting   | 3 4 |  4.6
Hexes          | 1 |  1.4
Throwing       | |  1.0
Armour         | |  1.0
Charms         | |  1.0
Transmutations | |  1.7
Evocations     | |  1.0

Action                   |  1- 3 |  4- 6 |  7- 9 || total
-------------------------+-------+-------+-------++-------
Melee: Unarmed           |    79 |   238 |    71 ||   388
       Punch             |       |     2 |     3 ||     5
 Fire: Hand crossbow     |    29 |    11 |     8 ||    48
 Cast: Magic Dart        |    31 |    96 |    27 ||   154
       Call Imp          |    17 |    63 |    45 ||   125
       Mephitic Cloud    |       |     2 |       ||     2
       Conjure Flame     |       |     1 |     3 ||     4
       Ensorcelled Hiber |       |     1 |     1 ||     2
       Tukima's Dance    |       |       |     7 ||     7
Evoke: Wand              |       |     3 |     1 ||     4
  Use: Potion            |     1 |     2 |       ||     3
       Scroll            |       |     9 |       ||     9
 Stab: Sleeping          |     1 |     3 |       ||     4
  Eat: Chunk             |     8 |    24 |     4 ||    36
       Ration            |       |     1 |     1 ||     2
Armor: Robe              |    52 |   100 |    29 ||   181
Dodge: Dodged            |    93 |   191 |    41 ||   325

Table legend:
 A = Non-vault XP
 B = Vault XP
 C = Vault XP percentage of total XP
 D = Non-vault monster count
 E = Vault monster count
 F = Vault count percentage of total count
                 A         B        C        D         E       F
            +---------+---------+-------+---------+---------+-------
      Total |    1301 |     263 |  16.8 |     148 |       6 |   3.9
            +---------+---------+-------+---------+---------+-------
        D:1 |      38 |      23 |  37.7 |      20 |       1 |   4.8
        D:2 |      47 |       0 |   0.0 |      28 |       0 |   0.0
        D:3 |     101 |      10 |   9.0 |      40 |       3 |   7.0
        D:4 |     164 |       0 |   0.0 |      16 |       0 |   0.0
        D:5 |     579 |      53 |   8.4 |      30 |       1 |   3.2
        D:6 |     372 |     177 |  32.2 |      14 |       1 |   6.7
            +---------+---------+-------+---------+---------+-------
